 Dungeon Crawl Stone Soup version 0.29.1-2-gbd0b4ee654 (webtiles) character file.

Game seed: 18133156214632695254

32 Tiocfaidh the Chiller (level 3, -1/25 HPs)
             Began as a Gnoll Ice Elementalist on Nov 3, 2022.
             Slain by a quokka (3 damage)
             ... on level 4 of the Dungeon.
             The game lasted 00:05:43 (885 turns).

Tiocfaidh the Chiller (Gnoll Ice Elementalist)       Turns: 885, Time: 00:05:43

Health: -1/25      AC:  2    Str:  7    XL:     3   Next: 27%
Magic:  9/9        EV: 13    Int: 16    God:
Gold:   85         SH:  0    Dex: 12    Spells: 8/12 levels left

rFire   + . .      SeeInvis +   h - +0 demon whip
rCold   x . .      Faith    .   (no shield)
rNeg    . . .      Spirit   .   a - +0 robe
rPois   .          Reflect  .   (no helmet)
rElec   .          Harm     .   (no cloak)
rCorr   .          Rampage  .   (no gloves)
Will    .....                   (no boots)
Stlth   ++........              (no amulet)
HPRegen 0.08/turn               g - ring of fire
MPRegen 0.11/turn               j - ring of see invisible

@: no status effects
A: fangs 1, strong nose, distributed training
a: no special abilities


You were on level 4 of the Dungeon.
You visited 1 branch of the dungeon, and saw 3 of its levels.

You collected 85 gold pieces.

Inventory:

Hand Weapons
 h - a +0 demon whip (weapon)
Armour
 a - a +0 robe (worn)
Jewellery
 g - a ring of fire (left hand)
 j - a ring of see invisible (right hand)
Scrolls
 c - 6 scrolls of identify {unknown}
 e - a scroll of fear {unknown}
Potions
 b - a potion of magic
 f - a potion of heal wounds {unknown}
 i - a potion of curing {unknown}


   Skills:
 + Level 0.7 Fighting
 + Level 0.7 Short Blades
 + Level 0.7 Long Blades
 + Level 0.7 Axes
 + Level 0.7 Maces & Flails
 + Level 0.7 Polearms
 + Level 0.7 Staves
 + Level 0.7 Ranged Weapons
 + Level 0.7 Throwing
 + Level 0.7 Armour
 + Level 4.5 Dodging
 + Level 4.1 Stealth
 + Level 0.7 Shields
 + Level 0.7 Unarmed Combat
 + Level 5.0 Spellcasting
 + Level 0.5 Conjurations
 + Level 0.5 Hexes
 + Level 0.5 Summonings
 + Level 0.5 Necromancy
 + Level 0.5 Translocations
 + Level 0.5 Transmutations
 + Level 0.5 Fire Magic
 + Level 7.1 Ice Magic
 + Level 0.5 Air Magic
 + Level 0.5 Earth Magic
 + Level 0.5 Poison Magic
 + Level 0.9 Invocations
 + Level 0.7 Evocations


You had 8 spell levels left.
You knew the following spells:

 Your Spells              Type           Power      Damage    Failure   Level
a - Freeze                Ice            100%       1d11      1%          1
b - Frozen Ramparts       Ice            52%        1d8       2%          3

Your spell library contained the following spells:

 Spells                   Type           Power      Damage    Failure   Level
 Ozocubu's Armour         Ice            26%        N/A       2%          3
 Hailstorm                Conj/Ice       16%        3d6       32%         4


Dungeon Overview and Level Annotations

Branches:
Dungeon (4/15)
 Temple: D:4-7

Altars:
Fedhas

Annotations:
D:4 Menkaure


Innate Abilities, Weirdness & Mutations

You have very sharp teeth.
Your uncanny sense of smell can sniff out nearby items.
Your experience applies equally to all skills.


Message History

Blink to where?
Press: ? - help, Dir - move target An adder comes into view.
As you read the scroll labelled WAUZUKO BIRUASA, it crumbles to dust.
It was a scroll of blinking.
Found 16 gold pieces.
An adder comes into view.
Found 14 gold pieces.
The adder hisses angrily.
The adder misses you.
You see here 16 gold pieces.
You closely miss the adder. Your bite misses the adder. The adder bites you. x2
Aiming: Freeze (safe; 1% risk of failure)
Press: ? - help, Q - select action, (/) - cycle Shift-Dir - straight line, f - adder
Aim: an adder You freeze the adder.
The adder is moderately wounded.
The adder seems to slow down.
Aiming: Freeze (safe; 1% risk of failure)
Press: ? - help, Q - select action, (/) - cycle Shift-Dir - straight line, f/p - adder
Aim: an adder (moderately wounded, slow)
You freeze the adder!
You kill the adder!
You see here an adder corpse.
You now have 71 gold pieces (gained 16).
There are no items here.
You see here an adder corpse.
You now have 85 gold pieces (gained 14).
A quokka comes into view.
Found a blackened fluorescent wand.
Menkaure, Prince of Dust comes into view.
Found a stone staircase leading down.
The ogre hits you with a +0 giant club!!
Ouch! That really hurt!
* * * LOW HITPOINT WARNING * * *
The quokka bites you but does no damage.
The quokka barely misses you. The quokka misses you.
The ogre attacks as you move away! The ogre completely misses you.
The quokka bites you.
You die...

##..... #.#...
#..... ......##
#.####.####.#
......###.# #
#.. #.##.....#
J....
#....##..###..
####
#..............
..
#...O.###../...
#...
#...r..#####...
....
#.#@##.....M...
...# #
#.######.....
..g #.# ..> #.#
. ... #.# ..#
###


You could see an ogre and a quokka.

Vanquished Creatures
  An adder (D:4)
  A worm (D:2)
  A dart slug (D:1)
  2 bats (D:1)
  2 endoplasms (D:1)
  2 goblins (D:1)
  A quokka (D:1)
  4 ball pythons (D:1)
  4 kobolds (D:1)
18 creatures vanquished.

Vanquished Creatures (others)
  2 fungi (D:1)
  3 plants
5 creatures vanquished.

Grand Total: 23 creatures vanquished

Notes
Turn   | Place    | Note
-------+----------+-------------------------------------------
     0 | D:1      | Tiocfaidh the Gnoll Ice Elementalist began the quest for
                  | the Orb.
     0 | D:1      | Reached XP level 1. HP: 13/13 MP: 6/6
    49 | D:1      | Found a faded altar of an unknown god.
   125 | D:1      | Reached XP level 2. HP: 19/19 MP: 4/7
   717 | D:2      | Reached skill level 5 in Spellcasting
   717 | D:2      | Reached XP level 3. HP: 19/25 MP: 5/9
   721 | D:2      | Learned a level 3 spell: Frozen Ramparts
   799 | D:2      | You fall into a shaft and drop 2 floors!
   809 | D:4      | Found a blossoming altar of Fedhas.
   813 | D:4      | Noticed an ogre
   879 | D:4      | Noticed Menkaure
   885 | D:4      | Slain by a quokka

Illustrated notes

Levels and vault maps discovered:
D:1:      scummos_arrival_star, layout_basic, dreamdust_ecumenical_altar_grove
D:2:      layout_loops_cross, serial_bayou_lagoon_b
D:4:      layout_rooms, amcnicky_altar_gilded, uniq_menkaure

Skill      XL: |  1  2 |
---------------+-------+-----
Spellcasting   | 5 |  5.0
Fighting       | |  0.7
Short Blades   | |  0.7
Long Blades    | |  0.7
Axes           | |  0.7
Maces & Flails | |  0.7
Polearms       | |  0.7
Staves         | |  0.7
Ranged Weapons | |  0.7
Throwing       | |  0.7
Armour         | |  0.7
Dodging        | |  4.5
Stealth        | |  4.1
Shields        | |  0.7
Unarmed Combat | |  0.7
Conjurations   | |  0.5
Hexes          | |  0.5
Summonings     | |  0.5
Necromancy     | |  0.5
Translocations | |  0.5
Transmutations | |  0.5
Fire Magic     | |  0.5
Ice Magic      | |  7.1
Air Magic      | |  0.5
Earth Magic    | |  0.5
Poison Magic   | |  0.5
Invocations    | |  0.9
Evocations     | |  0.7

Action                   || total
-------------------------++-------
Melee: Demon whip        ||     3
       Unarmed           ||     2
 Cast: Freeze            ||    27
  Use: Scroll            ||     1
 Stab: Sleeping          ||     1
Armor: Robe              ||     4
Dodge: Dodged            ||    20
